 Dungeon Sprint DCSS version 0.27-a0-808-g60bc5d92e6 (webtiles) character file.

Game seed: 9848001018275428920

359 mhtbhm the Protected (level 6, -3/62 HPs)
             Began as a Minotaur Fighter on Mar 28, 2021.
             Was a Follower of Trog.
             Slain by an orc warrior
             ... wielding a +1 trident of flaming
              (14 damage)
             ... in the Dungeon (Sprint IX: "|||||||||||||||||||||||||||||").
             The game lasted 00:00:50 (153 turns).

mhtbhm the Protected (Minotaur Fighter)              Turns: 153, Time: 00:00:51

Health: -3/62      AC: 13    Str: 22    XL:     6   Next: 37%
Magic:  5/5        EV:  7    Int: 11    God:    Trog [*.....]
Gold:   0          SH: 11    Dex: 10    Spells: 5/5 levels left

rFire    . . .     SeeInvis .   a - +0 trident
rCold    . . .     Faith    .   c - +0 kite shield
rNeg     . . .     Spirit   .   b - +1 chain mail
rPois    .         Reflect  .   (helmet restricted)
rElec    .         Harm     .   (no cloak)
rCorr    .         Rampage  .   (no gloves)
Will     .....     NoTele   +   m - +0 pair of boots
Stlth    ..........             (no amulet)
HPRegen  0.20/turn              n - +3 ring of intelligence
MPRegen  0.09/turn              o - +3 ring of intelligence

@: berserk cooldown, slowed, very slow
A: horns 2, retaliatory headbutt
a: Renounce Religion, Berserk


You were in the Dungeon.
You worshipped Trog.
Trog was aware of your devotion.
You visited 1 branch

Inventory:

Hand Weapons
 a - a +0 trident (weapon)
Armour
 b - a +1 chain mail (worn)
 c - a +0 kite shield (worn)
 m - a +0 pair of boots (worn)
Jewellery
 n - a +3 ring of intelligence (left hand)
 o - a +3 ring of intelligence (right hand)
Wands
 l - a wand of acid (10)
Scrolls
 j - 2 scrolls of blinking
Potions
 d - a potion of might
 e - a potion of invisibility
 f - 2 potions of heal wounds
 g - a potion of haste
 h - 4 potions of magic
 k - 4 potions of curing


   Skills:
 + Level 8.8 Fighting
 + Level 8.7 Polearms
 + Level 9.3 Armour
 + Level 1.0 Dodging
 + Level 8.6 Shields


You had 5 spell levels left.
You didn't know any spells.
Your spell library was empty.

Dungeon Overview and Level Annotations

Branches:
Dungeon (1/1)

Altars:
Cheibriados
Dithmenos
Elyvilon
Fedhas
Gozag
Hepliaklqana
Kikubaaqudgha
Makhleb
Nemelex Xobeh
Okawaru
Qazlal
Ru
Sif Muna
Trog
Uskayaw
Vehumet
Wu Jian
Xom
Yredelemnul
Zin
The Shining One
Beogh
Jiyva
Lugonu


Innate Abilities, Weirdness & Mutations

You have a pair of horns on your head.
You reflexively headbutt those who attack you in melee.


Message History

You block the orc warrior's attack.
The orc warrior hits you but does no damage.
You hit the orc warrior but do no damage.
You headbutt the orc warrior, but do no damage.
The orc warrior is lightly wounded.
The orc warrior hits you but does no damage.
You hit the orc warrior but do no damage.
The orc warrior is lightly wounded.
You block the orc warrior's attack. x2
Your shield and chain mail prevent you from hitting the orc warrior.
Your headbutt misses the orc warrior.
The orc warrior is lightly wounded.
The orc warrior hits you with a +1 trident of flaming.
The orc warrior burns you.
You hit the orc warrior. Your headbutt misses the orc warrior.
The orc warrior is moderately wounded.
You block the orc warrior's attack. The orc warrior barely misses you.
You closely miss the orc warrior.
The orc warrior is moderately wounded.
You block the orc warrior's attack.
You closely miss the orc warrior.
The orc warrior is moderately wounded.
The orc warrior hits you with a +1 trident of flaming.
The orc warrior burns you.
The orc warrior hits you with a +1 trident of flaming.
The orc warrior burns you.
You hit the orc warrior.
The orc warrior is heavily wounded.
The orc warrior hits you with a +1 trident of flaming.
* * * LOW HITPOINT WARNING * * *
The orc warrior burns you.
* * * LOW HITPOINT WARNING * * *
You hit the orc warrior but do no damage.
Your headbutt misses the orc warrior.
The orc warrior is heavily wounded.
You block the orc warrior's attack. The orc warrior barely misses you.
You puncture the orc warrior! Your headbutt misses the orc warrior.
The orc warrior is severely wounded.
The orc warrior hits you with a +1 trident of flaming!
You die...

▓?▓
▓)▓
▓.▓
▓.▓
▓[▓
▓[▓
▓.▓
▓.▓
▓@▓
▓o▓
▓Z▓
▓.▓
▓.▓
▓.▓
▓.▓
▓+▓


You could see an orc warrior and a jackal zombie.

Vanquished Creatures
  A yak (D)
  An orc warrior (D)
  A kobold brigand (D)
  An orc wizard (D)
  An adder (D)
  An ufetubus (D)
  An orc (D)
  A bat (D)
  A bat zombie (D)
  2 endoplasms (D)
  A hobgoblin (D)
  A ball python (D)
  A ball python skeleton (D)
14 creatures vanquished.

Notes
Turn   | Place    | Note
-------+----------+-------------------------------------------
     0 | D        | mhtbhm the Minotaur Fighter began the quest for the Orb.
     0 | D        | Reached XP level 1. HP: 19/19 MP: 0/0
     6 | D        | Reached skill level 4 in Armour
    30 | D        | Reached skill level 5 in Fighting
    30 | D        | Reached XP level 2. HP: 23/29 MP: 1/1
    32 | D        | Reached skill level 5 in Armour
    39 | D        | Found a snail-covered altar of Cheibriados.
    39 | D        | Found a shadowy altar of Dithmenos.
    39 | D        | Found a white marble altar of Elyvilon.
    39 | D        | Found a blossoming altar of Fedhas.
    39 | D        | Found an opulent altar of Gozag.
    40 | D        | Found a hazy altar of Hepliaklqana.
    41 | D        | Found a viscous altar of Jiyva.
    42 | D        | Found an ancient bone altar of Kikubaaqudgha.
    43 | D        | Found a corrupted altar of Lugonu.
    44 | D        | Found a burning altar of Makhleb.
    45 | D        | Found a sparkling altar of Nemelex Xobeh.
    46 | D        | Found an iron altar of Okawaru.
    47 | D        | Found a stormy altar of Qazlal.
    50 | D        | Found a sacrificial altar of Ru.
    51 | D        | Found a shimmering blue altar of Sif Muna.
    52 | D        | Found a bloodstained altar of Trog.
    53 | D        | Found a hide-covered altar of Uskayaw.
    54 | D        | Found a radiant altar of Vehumet.
    55 | D        | Found an ornate altar of the Wu Jian Council.
    62 | D        | Found a shimmering altar of Xom.
    63 | D        | Found a basalt altar of Yredelemnul.
    64 | D        | Found a glowing silver altar of Zin.
    65 | D        | Found a glowing golden altar of the Shining One.
    66 | D        | Became a worshipper of Trog the Wrathful
   113 | D        | Noticed an orc warrior
   113 | D        | Noticed a yak
   113 | D        | Noticed a kobold brigand
   113 | D        | Noticed an orc warrior
   122 | D        | Killed an orc warrior
   123 | D        | Reached skill level 5 in Polearms
   123 | D        | Reached skill level 6 in Armour
   123 | D        | Reached XP level 3. HP: 38/38 MP: 2/2
   123 | D        | Reached XP level 4. HP: 45/45 MP: 3/3
   132 | D        | Reached * piety under Trog
   133 | D        | Reached skill level 7 in Armour
   133 | D        | Reached XP level 5. HP: 51/51 MP: 4/4
   137 | D        | Killed a yak
   138 | D        | Reached skill level 8 in Armour
   138 | D        | Reached XP level 6. HP: 61/61 MP: 5/5
   143 | D        | Reached skill level 9 in Armour
   143 | D        | Reached skill level 1 in Dodging
   153 | D        | Slain by an orc warrior

Illustrated notes

Levels and vault maps discovered:
D:        linesprint [early_d, line_temple, items_1, d_10, items_2, lair_1,
          lair_end, items_3, orc_1, orc_end, items_4, d_15, swamp_1, shoals_1,
          snake_1, spider_1, d_20, vaults_1, items_5, swamp_end, shoals_end,
          snake_end, spider_end, vaults_end, d_27, items_6, zot_1, zot_end,
          crypt_end, forest_end, elf_end, slime_end, tomb_end, abyss_end,
          pan_hell_end]

Skill      XL: |  1  2  3  4  5  6 |
---------------+-------------------+-----
Fighting       | 5 6 8 |  8.8
Armour         | 4 6 7 8 9 |  9.3
Shields        | 4 6 7 8 |  8.6
Polearms       | 3 5 6 8 |  8.7
Dodging        | 1 |  1.0

Action                   |  1- 3 |  4- 6 || total
-------------------------+-------+-------++-------
Melee: Trident           |    28 |    30 ||    58
       Headbutt          |     4 |     3 ||     7
  Use: Potion            |     3 |       ||     3
Armor: Scale mail        |    10 |       ||    10
       Chain mail        |     1 |     8 ||     9
Dodge: Dodged            |     5 |     3 ||     8
Block: Kite shield       |    11 |    11 ||    22

Table legend: (Time is in decaauts)
 A = Elapsed time spent in this place.
 B = Non-inter-level travel time spent in this place.
 C = Inter-level travel time spent in this place.
 D = Time resting spent in this place.
 E = Time spent auto-exploring this place.
 F = Levels seen in this place.
 G = Mean time per level.
                   A        B        C        D        E       F      G
               +--------+--------+--------+--------+--------+-----+--------+
         Total |    161 |    161 |      0 |      0 |      3 |   1 |  161.0 |
       Dungeon |    161 |    161 |      0 |      0 |      3 |   1 |  161.0 |
               +--------+--------+--------+--------+--------+-----+--------+

Top non-repeatable levels by time:
       D: 161 daAuts
